 Dungeon Crawl Stone Soup version 0.18.1-50-g88ac8fd (webtiles) character file.

104 Nordron the Changer (level 4, -3/38 HPs)
             Began as a Naga Transmuter on Sept 30, 2016.
             Slain by Grinder (9 damage)
             ... while paralysed by Grinder
             ... on level 3 of the Dungeon.
             The game lasted 00:07:26 (2477 turns).

Nordron the Changer (Naga Transmuter)               Turns: 2477, Time: 00:07:26

Health: -3/38      AC:  2    Str: 12    XL:     4   Next: 80%
Magic:  7/7        EV:  1    Int: 14    God:
Gold:   117        SH:  0    Dex: 12    Spells: 2 memorised, 3 levels left

rFire  . . .     SeeInvis +     v - +0 mace (crush)
rCold  . . .     Gourm    .     b - +0 robe
rNeg   . . .     Faith    .     (no shield)
rPois  +         Spirit   .     (no helmet)
rElec  .         Dismiss  .     (no cloak)
rCorr  .         Reflect  .     (no gloves)
SustAt .         Harm     .     (no barding)
MR     .....                    (no amulet)
Stlth  +.........               (no ring)
                                (no ring)

@: paralysed, appendage (expiring), very slow, not resistant to hostile
enchantments, very unstealthy
A: horns 2, see invisible, deformed body, poison resistance, slowness 2, slow
metabolism 1, spit poison 2, AC +1
a: Spit Poison, End Transformation


You were on level 3 of the Dungeon.
You were hungry.
You had grown temporary horns.
You visited 1 branch of the dungeon, and saw 3 of its levels.

You collected 117 gold pieces.

Inventory:

Hand Weapons
 i - a +0 short sword of venom
 v - a +0 mace of crushing (weapon)
Missiles
 a - 35 arrows
Armour
 b - a +0 robe (worn)
Scrolls
 e - a scroll of amnesia {unknown}
 f - a scroll of remove curse {unknown}
 g - a scroll of random uselessness {unknown}
 h - 5 scrolls of identify {unknown}
 k - a scroll of recharging {unknown}
 l - a scroll of teleportation {unknown}
 n - a scroll of enchant armour {unknown}
 t - a scroll of immolation {unknown}
Potions
 j - a potion of flight {unknown}
 m - a potion of magic {unknown}
 o - a potion of degeneration {unknown}
 p - a potion of curing {unknown}
 r - a potion of agility {unknown}
 s - a potion of heal wounds {unknown}
Books
 c - a book of Changes

   Spells                             Type                      Level
   a - Beastly Appendage              Transmutation                1
   b - Sticks to Snakes               Transmutation                2
   c - Spider Form                    Transmutation/Poison         3
   d - Ice Form                       Ice/Transmutation            4
   e - Blade Hands                    Transmutation                5
Comestibles
 d - 3 bread rations
 q - 3 fruits
 u - 4 chunks of flesh


   Skills:
 - Level 1.0 Fighting
 - Level 1.5 Dodging
 - Level 3.0 Unarmed Combat
 - Level 2.0 Spellcasting
 * Level 4.8 Transmutations


You had 3 spell levels left.
You knew the following spells:

 Your Spells              Type           Power        Failure   Level  Hunger
a - Beastly Appendage     Trmt           ##....       3%          1    ##.....
b - Spider Form           Trmt/Pois      #.........   30%         3    ####...


Dungeon Overview and Level Annotations

Branches:
Dungeon (3/15)

Altars:

Annotations:
D:3 Grinder


Innate Abilities, Weirdness & Mutations

You cannot wear boots.
Your serpentine skin is tough (AC +1).
You have supernaturally acute eyesight.
Armour fits poorly on your strangely shaped body.
Your system is resistant to poisons.
You cover ground very slowly.
You have a slow metabolism.
You can spit poison.
You have a pair of horns on your head.


Message History

The splash of poison hits Grinder.
Grinder is moderately wounded.
You are feeling hungry.
A rat comes into view.
Grinder gestures at you. Pain shoots through your body!
* * * LOW HITPOINT WARNING * * *
You have got your breath back.
Grinder gestures at you.
You struggle to resist.
Your transformation is almost over.
Grinder gestures at you.
You suddenly lose the ability to move!
Grinder blinks!
The rat completely misses you. Grinder hits you.
* * * LOW HITPOINT WARNING * * *
You writhe in agony.
* * * LOW HITPOINT WARNING * * *
The rat bites you but does no damage. Grinder hits you!
You die...

#### . #. . .. # ### ..
.# .. ..# ... .####.###.#
..... ... ....#.#
.$....###.####.#.#.# ###
5......5@....#.#.#.# ...
##..####r###.#.....####..
....>r.......#(......##..
##....#..####....##.....
...#...ยง.# #.#.######..
#####.#.## #.#.# #.[
......#.## #.#.# #..
.........####.#.# #.)
.................# ##)


You could see Grinder and a rat.

Vanquished Creatures
  An orc wizard (D:3)
  An adder (D:3)
  2 oozes
  2 worms (D:2)
  A dart slug (D:1)
  2 giant geckos (D:1)
  3 orcs (D:3)
  A ball python (D:1)
  2 giant cockroaches (D:3)
  7 goblins
  2 hobgoblins
  5 jackals
  A ball python skeleton (D:3)
  2 bats
  2 giant newts
  5 kobolds
  5 rats
44 creatures vanquished.

Notes
Turn   | Place    | Note
--------------------------------------------------------------
     0 | D:1      | Nordron the Naga Transmuter began the quest for the Orb.
     0 | D:1      | Reached XP level 1. HP: 18/18 MP: 3/3
   379 | D:1      | Reached XP level 2. HP: 11/25 MP: 3/5
   623 | D:1      | Reached skill level 3 in Transmutations
   885 | D:1      | Reached XP level 3. HP: 31/31 MP: 6/6
  1291 | D:2      | Learned a level 3 spell: Spider Form
  1877 | D:2      | Reached skill level 4 in Transmutations
  2208 | D:3      | Reached XP level 4. HP: 25/38 MP: 7/7
  2411 | D:3      | Noticed Grinder
  2473 | D:3      | Paralysed by Grinder for 6 turns
  2477 | D:3      | Slain by Grinder

Skill      XL: |  1  2  3 |
---------------+----------+-----
Transmutations | 3 4 |  4.8
Fighting       | |  1.0
Dodging        | |  1.5
Unarmed Combat | |  3.0
Spellcasting   | |  2.0

Action                   |  1- 3 |  4- 6 || total
-------------------------+-------+-------++-------
Melee: Unarmed           |    17 |       ||    17
       Short sword       |    75 |     3 ||    78
       Headbutt          |     4 |     4 ||     8
       Punch             |     2 |       ||     2
       Mace              |       |    19 ||    19
 Cast: Beastly Appendage |    19 |     5 ||    24
 Abil: Spit Poison       |    16 |     6 ||    22
 Stab: Distracted        |     1 |       ||     1
  Eat: Chunk             |     3 |     1 ||     4
       Fruit             |     1 |       ||     1
Armor: Robe              |    15 |     4 ||    19
Dodge: Dodged            |    58 |    13 ||    71
